 Dungeon Crawl Stone Soup version 0.17-a0-155-g14e20c2 (webtiles) character file.

774 Tabbe the Covert (level 7, -2/33 HPs)
             Began as a Spriggan Assassin on Mar 25, 2015.
             Was a Believer of Dithmenos.
             Killed from afar by a steam dragon (21 damage)
             ... with a ball of steam
             ... on level 5 of the Dungeon.
             The game lasted 00:07:58 (4314 turns).

Tabbe the Covert (Spriggan Assassin)                Turns: 4314, Time: 00:07:58

Health: -2/33      AC:  3    Str:  7    XL:     7   Next: 53%
Magic:  14/14      EV: 26    Int: 12    God:    Dithmenos [**....]
Gold:   276        SH:  0    Dex: 20    Spells: 0 memorised, 6 levels left

rFire  . . .     SeeInvis +     b - +0 blowgun
rCold  . . .     Clarity  .     c - +0 robe
rNeg   + . .     SustAb   .     (shield restricted)
rPois  .         Gourm    .     (helmet restricted)
rElec  .         Spirit   .     d - +0 cloak
rCorr  .         Warding  .     (gloves unavailable)
rMut   .         Stasis   .     (boots unavailable)
MR     +....                    (no amulet)
Stlth  ++++++....               t - +2 ring of evasion
                                F - ring of positive energy

@: wreathed by umbra, very quick, somewhat resistant to hostile enchantments,
very stealthy
A: unfitting armour, see invisible, herbivore 3, speed 3, slow metabolism 2
a: Shadow Step, Renounce Religion


You were on level 5 of the Dungeon.
You worshipped Dithmenos.
Dithmenos was pleased with you.
You were very hungry.

You visited 1 branch of the dungeon, and saw 5 of its levels.

You collected 276 gold pieces.

Inventory:

Hand weapons
 a - a +2 dagger
 b - a +0 blowgun (weapon)
 C - a +0 vampiric short sword
Missiles
 f - 5 curare-tipped needles
 q - 19 poisoned needles (quivered)
Armour
 c - a +0 robe (worn)
 d - a +0 cloak (worn)
Jewellery
 l - an uncursed ring of protection from cold
 t - a +2 ring of evasion (right hand)
 F - a ring of positive energy (left hand)
Magical devices
 B - a wand of magic darts (12)
Scrolls
 h - 2 scrolls of fog {unknown}
 i - 2 scrolls of blinking {unknown}
 j - 5 scrolls of identify {unknown}
 k - 3 scrolls of magic mapping {unknown}
 r - a scroll of remove curse {unknown}
 v - a scroll of recharging {unknown}
 w - a scroll of amnesia {unknown}
 x - a scroll of immolation {unknown}
 y - a scroll of noise {unknown}
 z - a scroll of enchant weapon {unknown}
 D - a scroll of random uselessness {unknown}
Potions
 e - a potion of curing {unknown}
 m - a potion of restore abilities {unknown}
 n - a potion of invisibility {unknown}
 o - 3 potions of flight {unknown}
 p - a potion of beneficial mutation {unknown}
 s - 5 potions of poison {unknown}
 A - a potion of heal wounds {unknown}
 E - a potion of agility {unknown}
Comestibles
 g - 5 bread rations
 u - a slice of pizza


   Skills:
 - Level 1.5 Fighting
 + Level 4.0 Short Blades
 + Level 4.5 Throwing
 * Level 7.1 Dodging
 * Level 9.5 Stealth


You had 6 spell levels left.
You didn't know any spells.

Dungeon Overview and Level Annotations

Branches:
Dungeon (5/15)
 Temple: D:4-7

Altars:
Dithmenos
Elyvilon
Trog
Vehumet
Zin
The Shining One


Innate Abilities, Weirdness & Mutations

You are tiny and cannot use many weapons and most armour.
You have supernaturally acute eyesight.
You are a herbivore.
You cover ground extremely quickly.
You need consume almost no food.


Message History

You hit the steam dragon!!!
You kill the steam dragon!
Dithmenos accepts your kill.
Your Short Blades skill increases to level 4!
Your Dodging skill increases to level 7!
You hit the steam dragon.
The steam dragon is lightly wounded.
The steam dragon completely misses you. The steam dragon claws you.
b - a +0 blowgun (weapon)
The steam dragon completely misses you. x2
Firing (i - inventory. (,) - cycle):
q - 20 poisoned needles (quivered)
Press: ? - help, Shift-Dir - straight line, f - steam dragon
Aim: a steam dragon (umbra)
You shoot a poisoned needle.
The poisoned needle hits the steam dragon!
The steam dragon is poisoned.
The steam dragon breathes steam at you. The ball of steam hits you!
Ouch! That really hurt!
You die...

# # ####### ......#
#####.# #### ..###.#
###≈^###
#.....#######.P.P^P#
#######.≈≈PPP.P....##
≈PP≈............@..P#
....P≈^≈≈P.≈.≈P..D.P#
.≈PP#########...))P^#
##### ##.^≈.P##
##PP.## #####


You could see a steam dragon.

Vanquished Creatures
  A steam dragon (D:5)
  Sigmund (D:2)
  A scorpion (D:4)
  A centaur zombie (D:5)
  2 crimson imps (D:5)
  A hound (D:4)
  An orc priest (D:5)
  A jelly (D:5)
  An iguana (D:4)
  An orc wizard (D:5)
  3 worker ants
  Jessica (D:2)
  A hound skeleton (D:4)
  4 adders (D:3)
  9 worms
  A giant gecko (D:1)
  An ooze (D:1)
  7 orcs
  A bat skeleton (D:5)
  6 giant cockroaches
  7 hobgoblins
  7 bats
  2 giant newts
  6 goblins
  4 jackals (D:2)
  8 kobolds
  A quokka zombie (D:4)
  10 rats
90 creatures vanquished.

Notes
Turn   | Place    | Note
--------------------------------------------------------------
     0 | D:1      | Tabbe, the Spriggan Assassin, began the quest for the Orb.
     0 | D:1      | Reached XP level 1. HP: 10/10 MP: 2/2
   127 | D:1      | Reached skill level 6 in Stealth
   327 | D:1      | Reached XP level 2. HP: 14/14 MP: 4/4
   820 | D:2      | Reached XP level 3. HP: 18/18 MP: 6/6
   937 | D:2      | Noticed Jessica
   944 | D:2      | Killed Jessica
  1150 | D:2      | Noticed Sigmund
  1158 | D:2      | Reached XP level 4. HP: 22/22 MP: 8/8
  1181 | D:2      | Killed Sigmund
  1181 | D:2      | Reached skill level 7 in Stealth
  1181 | D:2      | Reached XP level 5. HP: 23/25 MP: 10/10
  1315 | D:2      | Found a shadowy altar of Dithmenos.
  1331 | D:2      | Became a worshipper of Dithmenos the Shadowed
  2208 | D:3      | Found a glowing golden altar of the Shining One.
  2209 | D:3      | Found a white marble altar of Elyvilon.
  2210 | D:3      | Found a glowing silver altar of Zin.
  2467 | D:4      | Found a radiant altar of Vehumet.
  2498 | D:4      | Reached skill level 5 in Dodging
  2498 | D:4      | Reached skill level 8 in Stealth
  2498 | D:4      | Reached XP level 6. HP: 30/30 MP: 12/12
  3230 | D:5      | Entered Level 5 of the Dungeon
  3834 | D:5      | Reached XP level 7. HP: 33/33 MP: 14/14
  3972 | D:5      | Reached skill level 9 in Stealth
  4026 | D:5      | Noticed a moth of wrath
  4028 | D:5      | Found a bloodstained altar of Trog.
  4126 | D:5      | Acquired Dithmenos' first power
  4302 | D:5      | Noticed a steam dragon
  4303 | D:5      | Noticed a steam dragon
  4310 | D:5      | Killed a steam dragon
  4314 | D:5      | Killed from afar by a steam dragon

Action                   |  1- 3 |  4- 6 |  7- 9 || total
-------------------------+-------+-------+-------++-------
Melee: Dagger            |    68 |   355 |    29 ||   452
 Fire: Blowgun           |    17 |    20 |    20 ||    57
Evoke: Wand              |       |       |     3 ||     3
 Stab: Sleeping          |     8 |    18 |     1 ||    27
       Distracted        |     1 |     1 |       ||     2
